 Dungeon Crawl Stone Soup version 0.27.1-1-g398f81649c (webtiles) character file.

Game seed: 14183762201880750395

1234 pkoi the Ruffian (level 8, -1/75 HPs)
             Began as a Troll Monk on Sept 16, 2021.
             Was a Priest of Yredelemnul.
             Killed from afar by a gargoyle (22 damage)
             ... with a stone arrow
             ... on level 6 of the Dungeon.
             The game lasted 00:04:23 (4592 turns).

pkoi the Ruffian (Troll Monk)                       Turns: 4592, Time: 00:04:23

Health: -1/75      AC:  4    Str: 22    XL:     8   Next: 24%
Magic:  10/10      EV: 10    Int:  6    God:    Yredelemnul [***...]
Gold:   345        SH:  0    Dex: 12    Spells: 7/7 levels left

rFire    . . .     SeeInvis .     - Unarmed
rCold    . . .     Faith    .   (no shield)
rNeg     . . .     Spirit   .   a - +0 robe
rPois    .         Reflect  .   (helmet restricted)
rElec    .         Harm     .   (no cloak)
rCorr    .         Rampage  .   (gloves unavailable)
Will     .....                  (boots unavailable)
Stlth    ++........             (no amulet)
HPRegen  1.22/turn              (no ring)
MPRegen  0.12/turn              (no ring)

@: lethally poisoned (-1 -> -4)
A: large, unfitting armour, claws 3, regeneration 1, shaggy fur 1, tough skin 1
a: Renounce Religion, Recall Undead Slaves, Injury Mirror, Animate Dead


You were on level 6 of the Dungeon.
You worshipped Yredelemnul.
Yredelemnul was most pleased with you.
You visited 1 branch of the dungeon, and saw 6 of its levels.

You collected 345 gold pieces.

Inventory:

Missiles
 r - 2 throwing nets (quivered)
Armour
 a - a +0 robe (worn)
Jewellery
 e - a +6 ring of intelligence
 g - an amulet of the acrobat
Wands
 j - a wand of polymorph (4)
 o - a wand of charming (6)
 q - a wand of paralysis (7)
Scrolls
 c - 3 scrolls of teleportation
 d - a scroll of immolation
 h - a scroll of enchant weapon {unknown}
 l - a scroll of amnesia
Potions
 b - a potion of might {unknown}
 f - 3 potions of degeneration {unknown}
 m - a potion of haste
 n - a potion of brilliance
 p - 2 potions of heal wounds {unknown}
 s - a potion of cancellation {unknown}
 t - a potion of curing {unknown}


   Skills:
 + Level 3.3 Fighting
 + Level 2.0 Armour
 - Level 2.4 Dodging
 - Level 1.0 Stealth
 + Level 7.7 Unarmed Combat
 + Level 5.0 Invocations


You had 7 spell levels left.
You didn't know any spells.
Your spell library contained the following spells:

 Spells                   Type           Power      Damage    Failure   Level
 Animate Skeleton         Necr           0%         N/A       45%         1
 Apportation              Tloc           0%         N/A       45%         1
 Corona                   Hex            0%         N/A       45%         1
 Magic Dart               Conj           0%         1d3       45%         1
 Summon Small Mammal      Summ           0%         N/A       45%         1
 Searing Ray              Conj           0%         3d3       58%         2
 Fulminant Prism          Conj/Hex       0%         3d6       99%         4


Dungeon Overview and Level Annotations

Branches:
Dungeon (6/15)
 Temple: D:4-7

Altars:
Nemelex Xobeh
Yredelemnul

Annotations:
D:5 2 transporters, nxtlvl's ghost, amateur MiAK


Innate Abilities, Weirdness & Mutations

You are too large for most types of armour.
You have claws for hands.
Your natural rate of healing is unusually fast.
You are covered in fur. (AC +1)
You have tough skin. (AC +1)


Message History

You are too injured to fight recklessly!
You are too injured to fight recklessly!
You are too injured to fight recklessly!
You are too injured to fight recklessly!
You are too injured to fight recklessly!
You are too injured to fight recklessly!
You are too injured to fight recklessly!
You are too injured to fight recklessly!
You are too injured to fight recklessly!
You are too injured to fight recklessly!
You are too injured to fight recklessly!
Unknown command.
You claw the gargoyle!
The gargoyle is moderately damaged.
You scratch the gargoyle but do no damage.
The gargoyle is moderately damaged.
The gargoyle closely misses you. The water moccasin bites you.
You barely miss the gargoyle.
The gargoyle is moderately damaged.
The water moccasin barely misses you.
The gargoyle hits you with a +0 morningstar!!
* * * LOW HITPOINT WARNING * * *
You claw the gargoyle!
The gargoyle is heavily damaged.
The water moccasin bites you.
* * * LOW HITPOINT WARNING * * *
You are poisoned.
The water moccasin poisons you!
The gargoyle hurls a stone arrow at you.
The stone arrow hits you!
* * * LOW HITPOINT WARNING * * *
The water moccasin bites you but does no damage.
You scratch the gargoyle.
The gargoyle is severely damaged.
You feel very sick.
The water moccasin bites you but does no damage.
The gargoyle hurls a stone arrow at you.
The stone arrow hits you!!
You die...
Your body rises from the dead as a mindless zombie.

##......##
#........#
#..$.....#
###........#
...).......
##......# .
#.#..S...#....
#...9@...........
#.............(.
.................
...##.....###...
.. #....... #...
. #......)##.##
.. #.......##.###
...
##.....#.....#
.... #...#.# #...


You could see a water moccasin and a gargoyle.

Vanquished Creatures
  Pikel (D:4)
  Eustachio (D:5)
  A sky beast (D:5)
  2 ogres (D:5)
  A phantom (D:6)
  A lemure (D:4)
  A hound (D:4)
  A jelly (D:5)
  An iguana (D:5)
  A hound skeleton (D:5)
  3 gnolls (D:5)
  5 adders
  2 howler monkey skeletons (D:4)
  A white imp (D:5)
  An ufetubus (D:5)
  3 dart slugs
  3 orcs
  7 bats
  4 endoplasms (D:1)
  3 giant cockroaches
  3 goblins
  5 hobgoblins
  4 jackals (D:1)
  6 kobolds
  4 quokkas
  4 ball pythons
  3 frilled lizards
  8 rats
80 creatures vanquished.

Vanquished Creatures (collateral kills)
  A phantom (D:5)
  A gnoll (D:5)
2 creatures vanquished.

Grand Total: 82 creatures vanquished

Notes
Turn   | Place    | Note
-------+----------+-------------------------------------------
     0 | D:1      | pkoi the Troll Monk began the quest for the Orb.
     0 | D:1      | Reached XP level 1. HP: 22/22 MP: 0/0
   161 | D:1      | Reached XP level 2. HP: 28/29 MP: 1/1
   265 | D:1      | Reached skill level 4 in Unarmed Combat
   350 | D:1      | Reached XP level 3. HP: 36/36 MP: 2/2
  2325 | D:3      | Reached skill level 5 in Unarmed Combat
  2325 | D:3      | Reached XP level 4. HP: 44/44 MP: 3/3
  2498 | D:3      | Found a faded altar of an unknown god.
  2508 | D:3      | Became a worshipper of Yredelemnul the Dark
  2508 | D:3      | Reached * piety under Yredelemnul
  2508 | D:3      | Reached ** piety under Yredelemnul
  2693 | D:3      | Found a sparkling altar of Nemelex Xobeh.
  3149 | D:4      | Reached skill level 1 in Invocations
  3193 | D:4      | Reached *** piety under Yredelemnul
  3194 | D:4      | Reached XP level 5. HP: 49/50 MP: 4/4
  3973 | D:5      | Entered Level 5 of the Dungeon
  3975 | D:5      | Noticed a lemure
  3976 | D:5      | Noticed Pikel
  3976 | D:5      | Noticed a lemure
  3976 | D:5      | Noticed a lemure
  3994 | D:4      | Killed a lemure
  4025 | D:5      | Noticed nxtlvl's ghost (amateur MiAK)
  4025 | D:5      | Found a transporter.
  4039 | D:5      | Found a transporter.
  4069 | D:5      | Noticed an ogre
  4074 | D:5      | Killed an ogre
  4126 | D:4      | Killed Pikel
  4127 | D:4      | Reached skill level 7 in Unarmed Combat
  4127 | D:4      | Reached XP level 6. HP: 29/59 MP: 5/8
  4127 | D:4      | Reached XP level 7. HP: 32/66 MP: 5/9
  4223 | D:5      | Noticed Eustachio
  4252 | D:5      | Killed Eustachio
  4253 | D:5      | Reached skill level 1 in Armour
  4333 | D:5      | Reached XP level 8. HP: 53/75 MP: 10/10
  4585 | D:6      | Noticed a gargoyle
  4587 | D:6      | Reached skill level 5 in Invocations
  4592 | D:6      | Killed from afar by a gargoyle

Illustrated notes

Levels and vault maps discovered:
D:1:      psy_arrival_radial02, layout_basic
D:2:      minmay_door_path, layout_basic, chequers_mini_garden
D:3:      layout_basic, mainiacjoe_overflow_tiny_flanked,
          basic_ecumenical_altar, corner_web_ring, grunt_ministairs_3
D:4:      layout_layer_cave
D:5:      layout_rooms, gammafunk_ghost_arena, uniq_pikel, uniq_eustachio
D:6:      layout_rooms, uniq_grinder

Skill      XL: |  1  2  3  4  5  6  7  8 |
---------------+-------------------------+-----
Unarmed Combat | 4 5 7 |  7.7
Invocations    | 1 4 5 |  5.0
Armour         | 1 2 |  2.0
Fighting       | 3 |  3.3
Dodging        | |  2.4
Stealth        | |  1.0

Action                   |  1- 3 |  4- 6 |  7- 9 || total
-------------------------+-------+-------+-------++-------
Melee: Unarmed           |   118 |    76 |    61 ||   255
       Punch             |       |     4 |       ||     4
Invok: Animate Dead      |       |       |     3 ||     3
  Use: Scroll            |     4 |     1 |     4 ||     9
 Stab: Sleeping          |     5 |     2 |     2 ||     9
Armor: Robe              |    37 |    14 |    38 ||    89
Dodge: Dodged            |    55 |    44 |    39 ||   138
